 Dungeon Crawl Stone Soup version 0.29.1-12-g30fa7ad0bf (webtiles) character file.

Game seed: 17376319547724347320

502 Descartes the Ruffian (level 6, -2/61 HPs)
             Began as a Troll Warper on Dec 15, 2022.
             Slain by an iguana (9 damage)
             ... on level 4 of the Dungeon.
             The game lasted 00:03:54 (2669 turns).

Descartes the Ruffian (Troll Warper)                Turns: 2669, Time: 00:03:54

Health: -2/61      AC:  1    Str: 20    XL:     6   Next: 95%
Magic:  8/8        EV:  7    Int: 11    God:
Gold:   258        SH: 12    Dex: 15    Spells: 9/9 levels left

rFire   . . .      SeeInvis .     - Unarmed
rCold   . . .      Faith    .   k - +0 tower shield
rNeg    . . .      Spirit   .   a - +0 robe
rPois   .          Reflect  .   (helmet restricted)
rElec   .          Harm     .   m - +0 cloak
rCorr   .          Rampage  .   (gloves unavailable)
Will    .....                   (boots unavailable)
Stlth   +.........              (no amulet)
HPRegen 1.00/turn               j - +6 ring of dexterity
MPRegen 0.11/turn               (no ring)

@: lethally poisoned (-2 -> -3), corroded
A: large, unfitting armour, claws 3, regeneration 1, shaggy fur 1, tough skin 1
a: no special abilities


You were on level 4 of the Dungeon.
You visited 1 branch of the dungeon, and saw 5 of its levels.

You collected 258 gold pieces.

Inventory:

Missiles
 c - 7 boomerangs of dispersal (quivered)
 g - 33 stones
 r - 6 atropa-tipped darts
 s - a boomerang
 x - 2 poisoned darts
Armour
 a - a +0 robe (worn)
 k - a +0 tower shield (worn)
 m - a +0 cloak (worn)
Jewellery
 j - a +6 ring of dexterity (left claw)
 u - an amulet of guardian spirit
Wands
 v - a wand of acid (10)
Scrolls
 b - a scroll of blinking
 e - 6 scrolls of identify {unknown}
 f - a scroll of immolation {unknown}
 n - a scroll of noise {unknown}
 p - a scroll of poison {unknown}
 q - a scroll of silence {unknown}
Potions
 d - a potion of flight {unknown}
 h - a potion of invisibility {unknown}
 i - a potion of lignification {unknown}
 l - a potion of haste {unknown}
 o - a potion of brilliance {unknown}
 t - a potion of cancellation {unknown}
 w - a potion of curing {unknown}


   Skills:
 + Level 3.1 Fighting
 - Level 0.8 Throwing
 - Level 1.9 Dodging
 + Level 2.3 Shields
 + Level 3.8 Unarmed Combat
 + Level 2.4 Spellcasting
 + Level 3.3 Translocations


You had 9 spell levels left.
You didn't know any spells.
Your spell library contained the following spells:

 Spells                   Type           Power      Damage    Failure   Level
 Blink                    Tloc           16%        N/A       65%         2
 Gell's Gravitas          Tloc           8%         N/A       86%         3
 Lesser Beckoning         Tloc           8%         N/A       86%         3
 Teleport Other           Tloc           8%         N/A       86%         3
 Manifold Assault         Tloc           8%         N/A       100%        5


Dungeon Overview and Level Annotations

Branches:
Dungeon (5/15)
 Temple: D:4-7

Altars:
Zin

Shops:
D:2 (


Innate Abilities, Weirdness & Mutations

You are too large for most types of armour.
You have claws for hands.
Your natural rate of healing is unusually fast.
You are covered in fur. (AC +1)
You have tough skin. (AC +1)


Message History

There is an open door here.
x - 2 poisoned darts As you open the door, it creaks loudly!
There is an open door here.
A jelly comes into view.
A jelly is nearby!
An iguana comes into view.
The iguana hisses angrily.
A scorpion comes into view.
A dart slug comes into view.
A goblin comes into view. It is wielding a +0 dagger.
The jelly quivers.
The jelly hits you but does no damage.
The goblin shouts!
You claw the jelly!
Your claws burn!
The jelly is heavily wounded.
The jelly hits you but does no damage.
You scratch the jelly but do no damage.
Your claws burn!
The jelly is heavily wounded.
You block the iguana's attack. The jelly hits you. The acid corrodes you!
You are splashed with acid!
The iguana bites you. The jelly closely misses you.
You claw the jelly!
Your claws burn!
The jelly is almost dead.
The iguana bites you. You block the jelly's attack.
You claw the jelly!
You kill the jelly!
The iguana bites you but does no damage.
You scratch the iguana but do no damage.
You block the scorpion's attack. You block the iguana's attack.
The goblin hits you with a +0 dagger. The scorpion stings you.
You are poisoned.
The scorpion poisons you!
You barely miss the iguana.
You feel very sick. You block the goblin's attack. The iguana bites you!
The scorpion completely misses you. You block the goblin's attack.
The iguana bites you!
* * * LOW HITPOINT WARNING * * *
There are monsters nearby!
The iguana attacks as you move away! The iguana bites you!
You die...

#..............)...#........
##+##................######.
###.###.####.....####.....##.
#.......# ##...## #.....#..
#.......# ##.## .#.....#..
######..## #.# ..##.....#
.........## #.#..# ......+
..........###gw.###.......##+
............@l8..............
..........###s..###. .....
.........## #.#+ .....
........## .# ..... #+###...#
# ##### #... #... #.


You could see a scorpion, an iguana, a dart slug and a goblin.

Vanquished Creatures
  A scorpion (D:5)
  A hound (D:3)
  2 jellies (D:4)
  2 orc priests
  Jessica (D:3)
  Terence (D:2)
  An orc wizard (D:4)
  8 gnolls
  4 adders
  A shadow imp (D:4)
  4 worms
  3 dart slugs
  6 orcs
  6 bats
  6 endoplasms
  3 giant cockroaches
  6 goblins
  2 hobgoblins
  4 jackals (D:1)
  5 kobolds
  A quokka (D:1)
  A ball python (D:3)
  3 frilled lizards (D:2)
  3 rats (D:1)
75 creatures vanquished.

Notes
Turn   | Place    | Note
-------+----------+-------------------------------------------
     0 | D:1      | Descartes the Troll Warper began the quest for the Orb.
     0 | D:1      | Reached XP level 1. HP: 19/19 MP: 1/1
   137 | D:1      | Reached XP level 2. HP: 28/28 MP: 3/3
   676 | D:2      | Found a faded altar of an unknown god.
   725 | D:2      | Found a glowing silver altar of Zin.
   782 | D:2      | Reached XP level 3. HP: 35/35 MP: 4/4
   924 | D:2      | Noticed Terence
   935 | D:2      | Killed Terence
  1096 | D:2      | Reached XP level 4. HP: 42/42 MP: 5/5
  1110 | D:2      | Found Nemees's Weapon Emporium.
  1296 | D:3      | Noticed Jessica
  1302 | D:3      | Killed Jessica
  1308 | D:3      | Reached skill level 1 in Shields
  1356 | D:3      | Reached XP level 5. HP: 50/50 MP: 6/6
  1893 | D:3      | Reached XP level 6. HP: 22/59 MP: 8/8
  2495 | D:5      | Entered Level 5 of the Dungeon
  2669 | D:4      | Slain by an iguana

Illustrated notes

Levels and vault maps discovered:
D:1:      wander_arrival_peaceful_grave, layout_loops_ring,
          grunt_decor_arrowhead, grunt_decor_junction
D:2:      layout_rooms, nicolae_ecumenical_oubliette, basic_altar, serial_shops,
          shop, hangedman_glass_teeth, uniq_terence
D:3:      layout_basic, uniq_jessica
D:4:      cheibrodos_barr_body, layout_gridville
D:5:      layout_loops_cross, uniq_duvessa, uniq_blork_the_orc

Skill      XL: |  1  2  3  4  5  6 |
---------------+-------------------+-----
Fighting       | 2 3 |  3.1
Shields        | 1 2 |  2.3
Unarmed Combat | 3 |  3.8
Spellcasting   | 2 |  2.4
Translocations | 3 |  3.3
Throwing       | |  0.8
Dodging        | |  1.9

Action                   |  1- 3 |  4- 6 || total
-------------------------+-------+-------++-------
Melee: Unarmed           |    91 |   140 ||   231
 Stab: Sleeping          |     1 |     2 ||     3
Armor: Robe              |    38 |    48 ||    86
Dodge: Dodged            |    34 |    39 ||    73
Block: Tower shield      |    11 |    88 ||    99
